PA
SOUTH BEACH BLAZE @ PHOENIX HOTSPUR U-21
07/29/2029
 
TOP OF THE 1ST
South Beach Blaze batting - Pitching for Phoenix Hotspur U-21 : LHP Wei-qian Chieu
Pitching: LHP Wei-qian Chieu
Batting: RHB Harlan Peppers 0-0: Called Strike
0-1: Hit by Pitch
Batting: RHB Greg Schiff 0-0: Ball
1-0: Foul Ball, location: 2F
1-1: Ball
2-1: Foul Ball, location: 2F
2-2: Foul Ball, location: 2F
2-2: Foul Ball, location: 2F
2-2: Foul Ball, location: 2F
2-2: DOUBLE (Line Drive, 78D)
Harlan Peppers to third
Batting: RHB Giobbe Bastedo 0-0: Called Strike
0-1: Ball
1-1: Ball
2-1: SINGLE (Flyball, 9LS)
Harlan Peppers scores
Greg Schiff to third
Batting: RHB Fortunato Rasquinha 0-0: Ball
1-0: Called Strike
1-1: Swinging Strike
1-2: SINGLE (Groundball, 56S) (infield hit)
Greg Schiff scores
Giobbe Bastedo to second
Batting: RHB Daniel Bertrand 0-0: Fly out, F6 (Popup, P)
Batting: LHB Raymond Graham 0-0: Foul Ball, location: 2F
0-1: Ground out 6-3 (Groundball, 56D)
Giobbe Bastedo to third
Fortunato Rasquinha to second
Batting: SHB Serious Lee 0-0: Fly out, F9 (Flyball, 9S)
Top of the 1st over - 2 runs, 3 hits, 0 errors, 2 left on base; South Beach 2 - Phoenix 0
BOTTOM OF THE 1ST
Phoenix Hotspur U-21 batting - Pitching for South Beach Blaze : RHP Shaun Mahle
Pitching: RHP Shaun Mahle
Batting: LHB Damian Alldred 0-0: Called Strike
0-1: Ball
1-1: SINGLE (Flyball, 9S)
Batting: LHB Tyler Kinjeketile 0-0: Ball
1-0: Called Strike
1-1: Ball
2-1: Foul Ball, location: 2F
2-2: Foul Ball, location: 2F
2-2: Strikes out swinging
Batting: LHB Jason DeGeorge 0-0: Ball
Damian Alldred steals 2nd base
1-0: Called Strike
Damian Alldred steals 3rd base
1-1: Ball
Passed Ball!
Damian Alldred scores
2-1: Ball
3-1: Called Strike
3-2: Ground out 5-3 (Groundball, 56)
Batting: LHB Mark Detamore 0-0: Called Strike
0-1: Swinging Strike
0-2: Strikes out looking
Bottom of the 1st over - 1 run, 1 hit, 0 errors, 0 left on base; South Beach 2 - Phoenix 1
TOP OF THE 2ND
South Beach Blaze batting - Pitching for Phoenix Hotspur U-21 : LHP Wei-qian Chieu
Batting: RHB Ed Bowers 0-0: Ball
1-0: Ball
2-0: Called Strike
2-1: Foul Ball, location: 2F
2-2: Strikes out swinging
Batting: LHB Marcel Escoda 0-0: Called Strike
0-1: Ball
1-1: Called Strike
1-2: Ball
2-2: Ball
3-2: Foul Ball, location: 2F
3-2: Strikes out swinging
Batting: RHB Harlan Peppers 0-0: Ball
1-0: Foul Ball, location: 2F
1-1: Foul Ball, location: 2F
1-2: Ball
2-2: DOUBLE (Line Drive, 7LD)
Batting: RHB Greg Schiff 0-0: Ball
1-0: Ball
2-0: Ground out 4-3 (Groundball, 4)
Top of the 2nd over - 0 runs, 1 hit, 0 errors, 1 left on base; South Beach 2 - Phoenix 1
BOTTOM OF THE 2ND
Phoenix Hotspur U-21 batting - Pitching for South Beach Blaze : RHP Shaun Mahle
Batting: RHB Sinfronio Vitor 0-0: Foul Ball, location: 2F
0-1: Called Strike
0-2: Strikes out swinging
Batting: RHB Jim Justice 0-0: Ball
1-0: Called Strike
1-1: TRIPLE (Flyball, 89XD)
Batting: RHB Bill Erickson 0-0: Foul Ball, location: 2F
0-1: Ground out 6-3 (Groundball, 6)
Jim Justice scores
Batting: RHB Braylen Sampson 0-0: Called Strike
0-1: Called Strike
0-2: Ball
1-2: Foul Ball, location: 2F
1-2: Strikes out looking
Bottom of the 2nd over - 1 run, 1 hit, 0 errors, 0 left on base; South Beach 2 - Phoenix 2
TOP OF THE 3RD
South Beach Blaze batting - Pitching for Phoenix Hotspur U-21 : LHP Wei-qian Chieu
Batting: RHB Giobbe Bastedo 0-0: Ball
1-0: Called Strike
1-1: SINGLE (Line Drive, 8LS)
Batting: RHB Fortunato Rasquinha 0-0: Called Strike
0-1: Called Strike
0-2: Foul Ball, location: 2F
0-2: Strikes out looking
Batting: RHB Daniel Bertrand 0-0: Called Strike
0-1: Swinging Strike
0-2: Strikes out looking
Batting: LHB Raymond Graham 0-0: Ball
1-0: Swinging Strike
1-1: Foul Ball, location: 2F
1-2: Strikes out swinging
Top of the 3rd over - 0 runs, 1 hit, 0 errors, 1 left on base; South Beach 2 - Phoenix 2
BOTTOM OF THE 3RD
Phoenix Hotspur U-21 batting - Pitching for South Beach Blaze : RHP Shaun Mahle
Batting: RHB José Souza 0-0: Called Strike
0-1: Ball
1-1: Foul Ball, location: 2F
1-2: Foul Ball, location: 2F
1-2: Ball
2-2: Foul Ball, location: 2F
2-2: Ground out 5-3 (Groundball, 56)
Batting: LHB Damian Alldred 0-0: Ball
1-0: Called Strike
1-1: Ball
2-1: Ball
3-1: Called Strike
3-2: Foul Ball, location: 2F
3-2: Base on Balls
Batting: LHB Tyler Kinjeketile 0-0: Ball
1-0: Ball
2-0: Swinging Strike
2-1: Ball
3-1: Swinging Strike
3-2: Ground out 4-3 (Groundball, 4)
Damian Alldred to second
Batting: LHB Jason DeGeorge 0-0: Ball
1-0: Ball
2-0: Ball
3-0: Called Strike
3-1: Base on Balls
Batting: LHB Mark Detamore 0-0: Called Strike
0-1: Ball
1-1: Ball
2-1: Foul Ball, location: 2F
2-2: Foul Ball, location: 2F
2-2: Fly out, F7 (Flyball, 7LSF)
Bottom of the 3rd over - 0 runs, 0 hits, 0 errors, 2 left on base; South Beach 2 - Phoenix 2
TOP OF THE 4TH
South Beach Blaze batting - Pitching for Phoenix Hotspur U-21 : LHP Wei-qian Chieu
Batting: SHB Serious Lee 0-0: Ball
1-0: Ball
2-0: Ball
3-0: Called Strike
3-1: Base on Balls
Batting: RHB Ed Bowers 0-0: Ball
1-0: Ball
2-0: Foul Ball, location: 2F
2-1: Fielders Choice at 2nd, 5-4 (Groundball, 56)
Batting: LHB Marcel Escoda 0-0: Ball
1-0: Ball
2-0: Called Strike
2-1: Swinging Strike
2-2: Grounds into double play, 4-6-3 (Groundball, 4)
Top of the 4th over - 0 runs, 0 hits, 0 errors, 0 left on base; South Beach 2 - Phoenix 2
BOTTOM OF THE 4TH
Phoenix Hotspur U-21 batting - Pitching for South Beach Blaze : RHP Shaun Mahle
Batting: RHB Sinfronio Vitor 0-0: Called Strike
0-1: Foul Ball, location: 2F
0-2: Ground out 3-1 (Groundball, 34)
Batting: RHB Jim Justice 0-0: Called Strike
0-1: Ball
1-1: Ball
2-1: Ball
3-1: Called Strike
3-2: Foul Ball, location: 2F
3-2: Ground out 6-3 (Groundball, 6M)
Batting: RHB Bill Erickson 0-0: Foul Ball, location: 2F
0-1: Ground out 6-3 (Groundball, 6MS)
Bottom of the 4th over - 0 runs, 0 hits, 0 errors, 0 left on base; South Beach 2 - Phoenix 2
TOP OF THE 5TH
South Beach Blaze batting - Pitching for Phoenix Hotspur U-21 : LHP Wei-qian Chieu
Batting: RHB Harlan Peppers 0-0: Called Strike
0-1: Reached on error, E5 (Popup, 56S)
Batting: RHB Greg Schiff 0-0: Ball
1-0: Sac Bunt - play at first, batter OUT! 1-4
Harlan Peppers to second
Batting: RHB Giobbe Bastedo 0-0: Ball
1-0: Ball
Wild Pitch!
Harlan Peppers to third
2-0: Ball
3-0: Foul Ball, location: 2F
3-1: Base on Balls
Batting: RHB Fortunato Rasquinha 0-0: Called Strike
Giobbe Bastedo steals 2nd base
0-1: Called Strike
0-2: Ball
1-2: Ground out 6-3 (Groundball, 6D)
Harlan Peppers scores
Batting: RHB Daniel Bertrand 0-0: Swinging Strike
0-1: Ball
1-1: Swinging Strike
1-2: Ball
2-2: Foul Ball, location: 2F
2-2: Foul Ball, location: 2F
2-2: Strikes out swinging
Top of the 5th over - 1 run, 0 hits, 1 error, 1 left on base; South Beach 3 - Phoenix 2
BOTTOM OF THE 5TH
Phoenix Hotspur U-21 batting - Pitching for South Beach Blaze : RHP Shaun Mahle
Batting: RHB Braylen Sampson 0-0: Ball
1-0: Ball
2-0: Ground out 6-3 (Groundball, 6)
Batting: RHB José Souza 0-0: Ball
1-0: Foul Ball, location: 2F
1-1: Hit by Pitch
Batting: LHB Damian Alldred 0-0: Swinging Strike
0-1: Called Strike
0-2: Ball
1-2: Strikes out swinging
Batting: LHB Tyler Kinjeketile 0-0: Ball
1-0: Ball
2-0: Foul Ball, location: 2F
2-1: Foul Ball, location: 2F
2-2: Foul Ball, location: 2F
2-2: Strikes out looking
Bottom of the 5th over - 0 runs, 0 hits, 0 errors, 1 left on base; South Beach 3 - Phoenix 2
TOP OF THE 6TH
South Beach Blaze batting - Pitching for Phoenix Hotspur U-21 : LHP Wei-qian Chieu
Batting: LHB Raymond Graham 0-0: SINGLE (Flyball, 8LS)
Batting: SHB Serious Lee 0-0: Ball
1-0: Ball
2-0: Ball
3-0: Called Strike
3-1: Base on Balls
Raymond Graham to second
Batting: RHB Ed Bowers 0-0: Sac Bunt - play at first, batter OUT! 3-4
Raymond Graham to third
Serious Lee to second
Batting: LHB Marcel Escoda 0-0: Called Strike
0-1: DOUBLE (Line Drive, 9D)
Raymond Graham scores
Serious Lee scores
Batting: RHB Harlan Peppers 0-0: Ball
1-0: Called Strike
1-1: Called Strike
1-2: Fly out, F7 (Flyball, 78D)
Batting: RHB Greg Schiff 0-0: Ball
1-0: Ball
2-0: Called Strike
2-1: Ball
3-1: Foul Ball, location: 2F
3-2: Base on Balls
Pitching: LHP Neal Burns
Batting: RHB Giobbe Bastedo 0-0: Swinging Strike
0-1: Ball
1-1: Called Strike
1-2: Strikes out looking
Top of the 6th over - 2 runs, 2 hits, 0 errors, 2 left on base; South Beach 5 - Phoenix 2
BOTTOM OF THE 6TH
Phoenix Hotspur U-21 batting - Pitching for South Beach Blaze : RHP Shaun Mahle
Batting: LHB Jason DeGeorge 0-0: Fly out, F7 (Flyball, 78S)
Batting: LHB Mark Detamore 0-0: Ball
1-0: Called Strike
1-1: Ball
2-1: Ground out 4-3 (Groundball, 4)
Batting: RHB Sinfronio Vitor 0-0: Called Strike
0-1: Hit by Pitch
Batting: RHB Jim Justice 0-0: Ball
Sinfronio Vitor is caught stealing 2nd base
Bottom of the 6th over - 0 runs, 0 hits, 0 errors, 0 left on base; South Beach 5 - Phoenix 2
TOP OF THE 7TH
South Beach Blaze batting - Pitching for Phoenix Hotspur U-21 : LHP Neal Burns
Batting: RHB Fortunato Rasquinha 0-0: Called Strike
0-1: Ball
1-1: Foul Ball, location: 2F
1-2: Ball
2-2: SINGLE (Groundball, 6MD)
Batting: RHB Daniel Bertrand 0-0: Called Strike
0-1: Ball
1-1: 2-RUN HOME RUN (Flyball, 7D), Distance : 408 ft
Batting: LHB Raymond Graham 0-0: Ball
1-0: Ball
2-0: Foul Ball, location: 2F
2-1: Ball
3-1: Called Strike
3-2: Fly out, F9 (Line Drive, 9)
Batting: SHB Serious Lee 0-0: Ball
1-0: Ball
2-0: Ball
3-0: Foul Ball, location: 2F
3-1: Called Strike
3-2: Strikes out swinging
Batting: RHB Ed Bowers 0-0: SINGLE (Groundball, 56S) (infield hit)
Batting: LHB Marcel Escoda 0-0: Ground out 4-3 (Groundball, 4)
Top of the 7th over - 2 runs, 3 hits, 0 errors, 1 left on base; South Beach 7 - Phoenix 2
BOTTOM OF THE 7TH
Phoenix Hotspur U-21 batting - Pitching for South Beach Blaze : RHP Shaun Mahle
Batting: RHB Jim Justice 0-0: Foul Ball, location: 2F
0-1: Ball
1-1: Ball
2-1: Ball
3-1: Foul Ball, location: 2F
3-2: SINGLE (Line Drive, 6D)
Batting: RHB Bill Erickson 0-0: Called Strike
0-1: Swinging Strike
0-2: Ball
1-2: Foul Ball, location: 2F
1-2: Ball
Jim Justice steals 2nd base
2-2: Strikes out swinging
Batting: RHB Braylen Sampson 0-0: Ball
1-0: Foul Ball, location: 2F
1-1: Fly out, F8 (Flyball, 8RS)
Pitching: RHP Tony Sánchez
Batting: RHB José Souza 0-0: Ball
1-0: Ball
2-0: Called Strike
2-1: Swinging Strike
2-2: Strikes out swinging
Bottom of the 7th over - 0 runs, 1 hit, 0 errors, 1 left on base; South Beach 7 - Phoenix 2
TOP OF THE 8TH
South Beach Blaze batting - Pitching for Phoenix Hotspur U-21 : LHP Neal Burns
Batting: RHB Harlan Peppers 0-0: Foul Ball, location: 2F
0-1: Ball
1-1: Foul Ball, location: 2F
1-2: Strikes out looking
Batting: RHB Greg Schiff 0-0: Swinging Strike
0-1: SINGLE (Line Drive, 6)
Batting: RHB Giobbe Bastedo 0-0: Ball
1-0: Fly out, F6 (Line Drive, 6M)
Batting: RHB Fortunato Rasquinha 0-0: Ball
1-0: Called Strike
1-1: Foul Ball, location: 2F
1-2: Strikes out looking
Top of the 8th over - 0 runs, 1 hit, 0 errors, 1 left on base; South Beach 7 - Phoenix 2
BOTTOM OF THE 8TH
Phoenix Hotspur U-21 batting - Pitching for South Beach Blaze : RHP Tony Sánchez
Batting: LHB Damian Alldred 0-0: Ball
1-0: Fly out, F2 (Popup, 3SF)
Batting: LHB Tyler Kinjeketile 0-0: Called Strike
0-1: Ball
1-1: Called Strike
1-2: Strikes out swinging
Batting: LHB Jason DeGeorge 0-0: Ball
1-0: Ball
2-0: Ball
3-0: Called Strike
3-1: Fly out, F4 (Line Drive, 4)
Bottom of the 8th over - 0 runs, 0 hits, 0 errors, 0 left on base; South Beach 7 - Phoenix 2
TOP OF THE 9TH
South Beach Blaze batting - Pitching for Phoenix Hotspur U-21 : LHP Neal Burns
Pitching: RHP Jason MacDonald
Batting: RHB Daniel Bertrand 0-0: Ball
1-0: Ball
2-0: SINGLE (Line Drive, 34D)
Batting: LHB Raymond Graham 0-0: Called Strike
Daniel Bertrand steals 2nd base
0-1: Ball
1-1: Ball
2-1: Foul Ball, location: 2F
2-2: SINGLE (Line Drive, 8RS)
Daniel Bertrand to third
Runner from 3rd tries for Home, SAFE, no throw
Batting: SHB Serious Lee 0-0: Ball
1-0: Called Strike
1-1: Foul Ball, location: 2F
1-2: Fly out, F8 (Line Drive, 8LD)
Batting: RHB Ed Bowers 0-0: Fly out, F8 (Flyball, 89D)
Batting: LHB Marcel Escoda 0-0: Called Strike
0-1: Ball
1-1: Ball
2-1: Fly out, F7 (Flyball, 7S)
Top of the 9th over - 1 run, 2 hits, 0 errors, 1 left on base; South Beach 8 - Phoenix 2
BOTTOM OF THE 9TH
Phoenix Hotspur U-21 batting - Pitching for South Beach Blaze : RHP Tony Sánchez
Batting: LHB Mark Detamore 0-0: Foul Ball, location: 2F
0-1: Ball
1-1: Ball
2-1: Swinging Strike
2-2: Ball
3-2: Foul Ball, location: 2F
3-2: Strikes out swinging
Batting: RHB Sinfronio Vitor 0-0: Ball
1-0: Foul Ball, location: 2F
1-1: Foul Ball, location: 2F
1-2: Foul Ball, location: 2F
1-2: Foul Ball, location: 2F
1-2: Ball
2-2: Fly out, F7 (Flyball, 7S)
Batting: RHB Jim Justice 0-0: Ball
1-0: Ball
2-0: SINGLE (Flyball, 9LS)
Batting: RHB Bill Erickson 0-0: Ball
1-0: Ball
2-0: Called Strike
2-1: Foul Ball, location: 2F
2-2: Fly out, F7 (Line Drive, 7S)
Bottom of the 9th over - 0 runs, 1 hit, 0 errors, 1 left on base; South Beach 8 - Phoenix 2
Tuesday, December 19th, 2017 - OOTP Baseball 18.8 Build 76